 Dungeon Crawl Stone Soup version 0.17.1-3-g152610e (webtiles) character file.

55 inmateoo the Ducker (level 3, 0/25 HPs)
             Began as a High Elf Arcane Marksman on Feb 22, 2016.
             Killed from afar by Sigmund (7 damage)
             ... with a magic dart
             ... on level 2 of the Dungeon.
             The game lasted 00:02:37 (1979 turns).

inmateoo the Ducker (High Elf Arcane Marksman)      Turns: 1979, Time: 00:02:37

Health: 0/25       AC:  7    Str: 16    XL:     3   Next: 67%
Magic:  5/5        EV: 10    Int: 17    God:
Gold:   83         SH:  0    Dex: 14    Spells: 1 memorised, 3 levels left

rFire  . . .     SeeInvis .     i - +2 dagger (drain)
rCold  + . .     Clarity  .     g - +0 scale mail
rNeg   + . .     SustAt   .     (no shield)
rPois  .         Gourm    .     (no helmet)
rElec  .         Spirit   .     (no cloak)
rCorr  .         Warding  .     o - +0 pair of gloves
rMut   .         Stasis   .     (no boots)
MR     .....                    (no amulet)
Stlth  ..........               m - ring of positive energy
                                j - ring of protection from cold

@: mighty, not resistant to hostile enchantments, extremely unstealthy
A: no striking features
a: no special abilities


You were on level 2 of the Dungeon.
You were not hungry.

You visited 1 branch of the dungeon, and saw 2 of its levels.

You collected 83 gold pieces.

Inventory:

Hand Weapons
 f - a +0 short sword
 i - a +2 dagger of draining (weapon)
Missiles
 c - 5 javelins (quivered)
 d - 2 throwing nets
Armour
 g - a +0 scale mail (worn)
 l - a +0 plate armour
 o - a +0 pair of gloves (worn)
Jewellery
 j - a ring of protection from cold (left hand)
 m - a ring of positive energy (right hand)
Scrolls
 a - 2 scrolls of identify {unknown}
Potions
 h - a potion of might
 n - a potion of degeneration {unknown}
Books
 b - a book of Debilitation

   Spells                             Type                      Level
   a - Corona                         Hexes                        1
   b - Slow                           Hexes                        2
   c - Gell's Gravitas                Hexes/Translocation          3
   d - Inner Flame                    Hexes/Fire                   3
   e - Cause Fear                     Hexes                        4
   f - Leda's Liquefaction            Hexes/Earth                  4
Comestibles
 e - a bread ration


   Skills:
 + Level 2.5 Fighting
 - Level 2.0 Throwing
 + Level 3.2 Dodging
 - Level 0.1 Unarmed Combat
 - Level 1.2 Spellcasting
 - Level 3.1 Hexes


You had 3 spell levels left.
You knew the following spells:

 Your Spells              Type           Power        Failure   Level  Hunger
a - Corona                Hex            ##.....      28%         1    ##.....


Dungeon Overview and Level Annotations

Branches:
Dungeon (2/15)

Altars:
Elyvilon
Makhleb

Annotations:
D:2 Sigmund


Message History

* * * LOW HITPOINT WARNING * * *
Drink which item? (? for menu, Esc to quit)
It was a potion of curing.
You feel better. Something completely misses you.
You hit something. You hit something.
You hear some strange, mumbled words.
A puff of flame appears from out of thin air!
The puff of flame hits you!
* * * LOW HITPOINT WARNING * * *
You hit something.
You hear some strange, mumbled words.
Something tries to affect you, but you resist.
You barely miss something.
You hear some strange, mumbled words.
Something tries to affect you, but you resist.
You miss something.
You hear some strange, mumbled words.
A magic dart appears from out of thin air!
The magic dart hits you!
You die...

# #.# #.....##.#####
# #.###########.# #
#.#...?...# #.# #
#.#.......# #.# # .#
#.#.......# #.# # .#
..#.......# #.# # .#
###.......# #.#
###.# ..........#
#.# ..#.# #....@..#
#.# ..#.# #...{...#
#.# ..#.# #####.###
#.# ....# #.# #.#
......# #.# #.#
....@## #.#####.#
####.# #####.......#
.. .........#####
####.#.............#


There were no monsters in sight!

Vanquished Creatures
  An adder (D:2)
  An ooze (D:2)
  A giant gecko (D:2)
  8 bats
  A giant cockroach (D:2)
  3 goblins (D:1)
  7 hobgoblins
  4 jackals (D:2)
  4 kobolds
  2 giant newts (D:1)
  A quokka (D:2)
  5 rats
  A bush (D:1)
39 creatures vanquished.

Vanquished Creatures (others)
  A plant (D:1)
1 creature vanquished.

Grand Total: 40 creatures vanquished

Notes
Turn   | Place    | Note
--------------------------------------------------------------
     0 | D:1      | inmateoo the High Elf Arcane Marksman began the quest for the Orb.
     0 | D:1      | Reached XP level 1. HP: 13/13 MP: 3/3
   155 | D:1      | Reached XP level 2. HP: 15/18 MP: 4/4
  1356 | D:2      | Noticed Sigmund
  1405 | D:2      | Found a burning altar of Makhleb.
  1631 | D:2      | Reached XP level 3. HP: 17/24 MP: 5/5
  1817 | D:2      | Found a white marble altar of Elyvilon.
  1973 | D:2      | HP: 1/25 [something (6)]
  1979 | D:2      | Killed from afar by Sigmund

Action                   || total
-------------------------++-------
Melee: Short sword       ||   156
       Dagger            ||   240
  Use: Potion            ||     2
  Eat: Bread ration      ||     1
